 Dungeon Crawl Stone Soup version 0.18.1-5-g4a78601 (webtiles) character file.

217 dysrexia the Insei (level 5, -6/29 HPs)
             Began as a Tengu Transmuter on May 14, 2016.
             Killed by nerve-wracking pain
             ... invoked by Grinder
              (13 damage)
             ... on level 3 of the Dungeon.
             The game lasted 00:13:40 (3712 turns).

dysrexia the Insei (Tengu Transmuter)               Turns: 3712, Time: 00:13:40

Health: -6/29      AC:  6    Str: 10    XL:     5   Next: 94%
Magic:  7/9        EV: 11    Int: 13    God:
Gold:   201        SH:  0    Dex: 16    Spells: 2 memorised, 5 levels left

rFire  . . .     SeeInvis .       - Unarmed
rCold  . . .     Gourm    .     j - +1 ring mail
rNeg   . . .     Faith    .     (no shield)
rPois  .         Spirit   .     (helmet restricted)
rElec  .         Dismiss  .     (no cloak)
rCorr  .         Reflect  .     (no gloves)
SustAt .         Harm     .     (boots unavailable)
MR     .....                    (no amulet)
Stlth  +.........               (no ring)
                                (no ring)

@: appendage (expiring), not resistant to hostile enchantments, very unstealthy
A: beak, horns 2, talons 3, able to fly 1
a: Fly, End Transformation


You were on level 3 of the Dungeon.
You were hungry.
You had grown temporary horns.
You visited 1 branch of the dungeon, and saw 5 of its levels.

You collected 201 gold pieces.

Inventory:

Hand Weapons
 s - a cursed -2 blowgun
Missiles
 a - 63 arrows
 h - 7 needles of sleeping
 u - 6 poisoned needles (quivered)
Armour
 b - a +0 robe
 j - a +1 ring mail (worn)
Jewellery
 i - an uncursed amulet of regeneration {unknown}
Wands
 p - a wand of flame (42/48)
 r - a wand of lightning (0/15)
Scrolls
 e - 2 scrolls of remove curse
 g - 2 scrolls of identify
 o - a scroll of teleportation {unknown}
Potions
 l - a potion of haste
 m - a potion of curing
 v - 2 potions of lignification {unknown}
Books
 c - a book of Changes

   Spells                             Type                      Level
   a - Beastly Appendage              Transmutation                1
   b - Sticks to Snakes               Transmutation                2
   c - Spider Form                    Transmutation/Poison         3
   d - Ice Form                       Ice/Transmutation            4
   e - Blade Hands                    Transmutation                5
Comestibles
 d - 5 bread rations
 f - 3 meat rations
 k - 3 beef jerkies
 n - 2 fruits
 q - a royal jelly
 w - a slice of pizza


   Skills:
 - Level 1.0 Fighting
 - Level 2.1 Dodging
 * Level 5.9 Unarmed Combat
 - Level 2.0 Spellcasting
 + Level 3.2 Transmutations


You had 5 spell levels left.
You knew the following spells:

 Your Spells              Type           Power        Failure   Level  Hunger
a - Beastly Appendage     Trmt           #.....       21%         1    ##.....
b - Sticks to Snakes      Trmt           #.......     30%         2    ###....


Dungeon Overview and Level Annotations

Branches:
Dungeon (5/15)
 Temple: D:4-7

Altars:
Elyvilon
Makhleb
Trog
The Shining One

Annotations:
D:3 Grinder
D:4 Natasha, Pikel


Innate Abilities, Weirdness & Mutations

You have a beak for a mouth.
You have claws for feet.
You can fly.
You have a pair of horns on your head.


Message History

Your ball python bites Grinder but does no damage.
Your ball python constricts Grinder.
You hit Grinder. You claw Grinder, but do no damage. You headbutt Grinder.
You peck Grinder. You punch Grinder, but do no damage.
Grinder is heavily wounded.
Your ball python barely misses Grinder.
Your ball python constricts Grinder.
Grinder hits you.
You writhe in agony.
* * * LOW HITPOINT WARNING * * *
Drink which item? (? for menu, Esc to quit)
It was a potion of curing.
You feel better.
Your ball python bites Grinder but does no damage.
Your ball python constricts Grinder.
Grinder hits you!
You writhe in agony.
* * * LOW HITPOINT WARNING * * *
Drink which item? (? for menu, Esc to quit)
It was a potion of cure mutation.
It has a very clean taste.
Your ball python bites Grinder but does no damage.
Your ball python constricts Grinder.
Grinder gestures at you. Pain shoots through your body!
You die...

.# ####.................)...
.#
######....##.###........#.##..
.###..)...##.##.#
#........#.####
....>#######.##.#
########...##.. ..#### #.##.#
#.###..# ...# #....# ##.##..##
.#.# ##..S## #..##.## .#..#
.#5.# #.##..# .##..# ###@#
##.#..## .# #.# #.## ###..#.##
.# .. #..####...##.# .# ###
##...#..###..# .#
###...####.## .###### ###.###
#..# ......# #.. #...## #.##
......# #..# #._..####.#
......# #...# #.[...#...#


You could see Grinder and a friendly ball python.

Vanquished Creatures
  A water moccasin zombie (D:5)
  An orc wizard (D:3)
  3 adders
  2 oozes (D:3)
  2 adder skeletons (D:4)
  2 worms (D:2)
  2 dart slugs
  2 giant geckos
  5 orcs (D:3)
  5 bats
  2 giant cockroaches
  8 goblins
  11 hobgoblins
  10 jackals
  6 kobolds
  A ball python (D:2)
  2 giant newts
  9 rats
74 creatures vanquished.

Vanquished Creatures (collateral kills)
  A hobgoblin (D:3)
1 creature vanquished.

Grand Total: 75 creatures vanquished

Notes
Turn   | Place    | Note
--------------------------------------------------------------
     0 | D:1      | dysrexia the Tengu Transmuter began the quest for the Orb.
     0 | D:1      | Reached XP level 1. HP: 12/12 MP: 4/4
   273 | D:1      | Reached XP level 2. HP: 7/16 MP: 4/6
   639 | D:1      | Reached skill level 4 in Unarmed Combat
   979 | D:1      | Reached XP level 3. HP: 17/20 MP: 7/7
  1456 | D:2      | Learned a level 2 spell: Sticks to Snakes
  1941 | D:2      | Reached XP level 4. HP: 22/25 MP: 6/8
  1966 | D:2      | Found a glowing golden altar of the Shining One.
  1966 | D:2      | Found a burning altar of Makhleb.
  1966 | D:2      | Found a white marble altar of Elyvilon.
  2360 | D:3      | Reached skill level 5 in Unarmed Combat
  2360 | D:3      | Gained mutation: You can fly. [Tengu growth]
  2360 | D:3      | Reached XP level 5. HP: 12/29 MP: 9/9
  2657 | D:3      | Noticed Grinder
  2717 | D:3      | Found a bloodstained altar of Trog.
  2822 | D:3      | You fall through a shaft for 2 floors!
  2822 | D:5      | Entered Level 5 of the Dungeon
  2988 | D:4      | Noticed a slave
  2989 | D:4      | Noticed a slave
  2992 | D:4      | Noticed Pikel
  2992 | D:4      | Noticed a slave
  2993 | D:4      | Noticed a slave
  2996 | D:4      | Noticed Natasha
  3712 | D:3      | Killed from afar by Grinder

Skill      XL: |  1  2  3  4  5 |
---------------+----------------+-----
Unarmed Combat | 4 5 |  5.9
Transmutations | 2 3 |  3.2
Fighting       | |  1.0
Dodging        | |  2.1
Spellcasting   | |  2.0

Action                   |  1- 3 |  4- 6 || total
-------------------------+-------+-------++-------
Melee: Unarmed           |    99 |   123 ||   222
       Peck              |    15 |    20 ||    35
       Kick              |    19 |    34 ||    53
       Punch             |     2 |     4 ||     6
       Headbutt          |     3 |     6 ||     9
 Cast: Beastly Appendage |     5 |     5 ||    10
       Sticks to Snakes  |     1 |     3 ||     4
Evoke: Wand              |       |     3 ||     3
  Use: Scroll            |       |     7 ||     7
       Potion            |       |     2 ||     2
  Eat: Chunk             |     3 |     6 ||     9
Armor: Robe              |     5 |       ||     5
       Ring mail         |    38 |    40 ||    78
Dodge: Dodged            |    58 |    64 ||   122
